 Dungeon Crawl Stone Soup version 0.30-a0-728-gc68057be0a (webtiles) character file.

Game seed: 7385953357534206710

119163 jimonade the Covert (level 16, -2/70 (82) HPs)
             Began as a Vine Stalker Brigand on Jan 30, 2023.
             Was the Champion of Uskayaw.
             Killed from afar by a swamp worm (15 damage)
             ... with a harpoon shot
             ... called by a spriggan druid
             ... on level 3 of the Swamp.
             The game lasted 02:05:31 (29113 turns).

jimonade the Covert (Vine Stalker Brigand)         Turns: 29113, Time: 02:05:31

HP:   -2/70 (82)    AC: 17    Str: 16    XL:     16   Next: 78%
MP:   0/24          EV: 23    Int: 11    God:    Uskayaw [******]
Gold: 1004          SH: 10    Dex: 28    Spells: 15/15 levels left

rFire   . . .      SeeInvis .    a - +7 quick blade (venom)
rCold   . . .      Faith    .    u - +2 buckler
rNeg    . . .      Spirit   +    P - +0 swamp dragon scales
rPois   +          Reflect  .    M - +2 helmet
rElec   .          Harm     .    t - scarf {+Inv}
rCorr   .          Rampage  .    Z - +1 pair of gloves
Will    ++...                    m - +1 pair of boots
Stlth   ++++++                   (no amulet)
HPRegen 1.11/turn                f - +6 ring of dexterity
MPRegen 0.19/turn                s - +5 ring of evasion

@: very slightly contaminated, heavily drained
A: fangs 3, regeneration 1, magic shield, antimagic bite, no potion heal 2
a: Renounce Religion, Evoke Invisibility, Stomp, Line Pass, Grand Finale


You were on level 3 of the Swamp.
You worshipped Uskayaw.
Uskayaw was aware of your devotion.
You visited 5 branches of the dungeon, and saw 26 of its levels.
You also visited: Sewer and Ice Cave.

You collected 2514 gold pieces.
You spent 1510 gold pieces at shops.

Inventory:

Hand Weapons
 a - a +7 quick blade of venom (weapon)
 b - a +2 sling of flaming
 c - a +3 dagger of venom
 K - a +4 dagger
Missiles
 d - 39 poisoned darts (quivered)
 g - 4 throwing nets
 i - 3 curare-tipped darts
 w - 14 atropa-tipped darts
Armour
 m - a +1 pair of boots (worn)
 n - a +2 robe of positive energy
 t - a scarf of invisibility (worn)
 u - a +2 buckler (worn)
 C - a +2 robe of cold resistance
 M - a +2 helmet (worn)
 P - +0 swamp dragon scales (worn)
 Q - a +2 ring mail of cold resistance
 S - a +2 robe of willpower
 Z - a +1 pair of gloves (worn)
Jewellery
 f - a +6 ring of dexterity (left hand)
 h - the ring of Lugonu's Regard {rElec rPois Int+6}
   (You bought it in a shop on level 2 of the Orcish Mines)

   [ring of intelligence]

   Int:       It affects your intelligence (+6).
   rElec:     It insulates you from electricity.
   rPois:     It protects you from poison.
 k - a ring of magical power
 s - a +5 ring of evasion (right hand)
 y - a +4 ring of protection
 D - a ring of resist corrosion
 N - a ring of protection from fire
 R - a ring of see invisible
Wands
 e - a wand of flame (34)
 A - a wand of mindburst (26)
 F - a wand of iceblast (16)
 H - a wand of digging (4)
 L - a wand of polymorph (19)
 O - a wand of quicksilver (10)
 V - a wand of charming (5)
Scrolls
 j - 5 scrolls of fog
 r - 12 scrolls of teleportation
 z - 5 scrolls of poison
 G - a scroll of silence
 I - a scroll of fear
 U - 3 scrolls of enchant armour
 W - a scroll of magic mapping
 Y - 4 scrolls of blinking
Potions
 l - 6 potions of curing
 o - 3 potions of magic
 p - 3 potions of might
 v - 3 potions of berserk rage
 x - 8 potions of flight
 B - 7 potions of haste
 E - 4 potions of invisibility
 J - 2 potions of cancellation
 T - a potion of resistance
 X - 5 potions of brilliance
Miscellaneous
 q - a condenser vane


   Skills:
 + Level 8.7 Fighting
 + Level 10.1 Short Blades
 + Level 2.5 Ranged Weapons
 - Level 5.1 Throwing
 + Level 8.1 Armour
 + Level 8.5 Dodging
 + Level 14.4 Stealth
 + Level 7.9 Shields
 * Level 9.5 Invocations
 + Level 13.5 Evocations


You had 15 spell levels left.
You didn't know any spells.
Your spell library contained the following spells:

 Spells                   Type           Power      Damage    Failure   Level
 Necrotise                Necr           0%         1d4       58%         1
 Summon Small Mammal      Summ           0%         N/A       58%         1
 Call Canine Familiar     Summ           0%         N/A       92%         3
 Dazzling Flash           Conj/Hex       0%         N/A       92%         3
 Frozen Ramparts          Ice            0%         1d1       92%         3
 Gell's Gravitas          Tloc           0%         N/A       92%         3
 Summon Guardian Golem    Hex/Summ       0%         N/A       92%         3
 Teleport Other           Tloc           0%         N/A       92%         3
 Tukima's Dance           Hex            0%         N/A       92%         3
 Vampiric Draining        Necr           0%         2d6       92%         3
 Ice Form                 Ice/Tmut       0%         N/A       100%        4
 Iskenderun's Mystic Bla  Conj/Tloc      0%         2d3       100%        4
 Leda's Liquefaction      Hex/Erth       0%         N/A       100%        4
 Passage of Golubria      Tloc           0%         N/A       100%        4
 Summon Ice Beast         Ice/Summ       0%         N/A       100%        4
 Agony                    Necr           0%         N/A       100%        5
 Fireball                 Conj/Fire      0%         3d3       100%        5
 Iskenderun's Battlesphe  Conj           0%         2d6       100%        5
 Lee's Rapid Deconstruct  Erth           0%         3d4*      100%        5
 Yara's Violent Unravell  Hex/Tmut       0%         3d3       100%        5
 Dispersal                Tloc           0%         N/A       100%        6
 Iron Shot                Conj/Erth      0%         9d1       100%        6
 Starburst                Conj/Fire      0%         6d3       100%        6
 Statue Form              Tmut/Erth      0%         N/A       100%        6
 Spellforged Servitor     Conj/Summ      0%         N/A       100%        7
 Summon Hydra             Summ           0%         N/A       100%        7


Dungeon Overview and Level Annotations

Branches:
Dungeon (15/15)            Temple (1/1) D:6            Lair (5/5) D:9
  Swamp (3/4) Lair:3        Snake (0/4) Lair:3        Slime (0/5) Lair:4
    Orc (2/2) D:10            Elf (0/3) Orc:2        Vaults (0/5) D:14
 Depths (0/4) D:15          Sewer (visited)           IceCv (visited)

Altars:
Ashenzari
Cheibriados
Dithmenos
Elyvilon
Fedhas
Gozag
Hepliaklqana
Kikubaaqudgha
Makhleb
Nemelex Xobeh
Okawaru
Qazlal
Ru
Sif Muna
Trog
Uskayaw
Vehumet
Wu Jian
Xom
Yredelemnul
Zin
The Shining One
Jiyva

Shops:
D:5 [   D:13 (   Orc:2 =[:[

Annotations:
D:13 3 runed translucent doors, exclusion: obsidian statue, Mingoeph's ghost, journeyman MfHu
Swamp:2 3 runed translucent doors, Ozxa's ghost, adept DjCA


Innate Abilities, Weirdness & Mutations

You have razor-sharp teeth.
Your natural rate of healing is unusually fast.
When hurt, damage is shared between your health and your magic reserves.
Your bite disrupts and absorbs the magic of your enemies.
Potions cannot restore your health.


Message History

You perforate the vampire mosquito like a sieve!!!!
You destroy the vampire mosquito!
A swamp worm comes into view.
A tyrant leech comes into view.
You enter the shallow water.
Moving in this stuff is going to be slow. ...and don't expect to remain undetected.
A swamp worm comes into view.
The five-headed hydra is no longer paralysed.
The swamp worm fires a harpoon shot at you.
The harpoon shot hits the five-headed hydra!
A swamp dragon comes into view.
The five-headed hydra misses you.
The five-headed hydra barely misses you.
The five-headed hydra misses you.
The five-headed hydra bites you but does no damage.
The five-headed hydra completely misses you.
You see here a vampire mosquito corpse.
Your unstable footing causes you to fumble your attack.
The swamp worm fires a harpoon shot at you.
The harpoon shot hits the five-headed hydra!
An alligator comes into view.
You barely miss the five-headed hydra. You bite the five-headed hydra!
You drain its power.
The five-headed hydra is heavily wounded.
The five-headed hydra completely misses you.
The five-headed hydra bites you!! The five-headed hydra bites you!
The five-headed hydra completely misses you.
The five-headed hydra bites you!!
* * * LOW HITPOINT WARNING * * *
You are too injured to fight recklessly!
You block the five-headed hydra's attack. x2
The five-headed hydra closely misses you.
The five-headed hydra misses you.
The five-headed hydra closely misses you.
You see here an alligator corpse.
You flicker back into view.
The swamp dragon breathes poison at you.
The swamp worm fires a harpoon shot at you.
The harpoon shot hits you!!
You die...

.~.......~.~~..~
...~.~w.~..♣}~.~~
~~~..§.~..~~..~~~~
~.....~~w~.~.♣.....
.~......~~.....~..~
.....~°~°..~.♣.?~~~
...t~..[D.☼.~.~~..♣
..~..~.§○☼.~..~~..♣
...D§☼☼○☼○@......~.♣♣
......§§☼§.♣.~♣♣....♣.
..##.#..##†./♣♣ ..~.♣
. #..#w..#....♣♣♣...
#......#...~.♣~.♣
##..####..†.♣.~.♣ #...
#....†.†♣♣ #...
#....~.♣♣ #†.~♣)♣♣


You could see an alligator, a five-headed hydra (strong), a swamp dragon, a
tyrant leech and 2 swamp worms.

Vanquished Creatures
  Jorgrun (D:11)
  A thorn hunter (Swamp:2)
  Kirke (D:12)
  An ironbound preserver (D:14)
  Nessos (D:12)
  Azrael (D:12)
  3 eleionomae
  The ghost of browni3141 the Slicer, a journeyman HuEE of Kikubaaqudgha (Lair:3)
  Snorg (Lair:3)
  Josephine (Lair:3)
  An entropy weaver (shapeshifter) (D:14)
  A shambling mangrove (Swamp:2)
  9 hydras
  A catoblepas (Lair:5)
  3 rakshasas
  Erica (Orc:1)
  4 alligators
  3 boulder beetles
  4 centaur warriors
  2 two-headed ogres
  A deep troll shaman (Lair:5)
  10 death yaks
  An orc high priest (Orc:2)
  Amaemon (Lair:3)
  2 goliath frogs
  3 spriggan druids
  A skeletal warrior (D:14)
  2 swamp dragons
  2 glowing orange brains
  5 bog bodies
  Pikel (D:6)
  6 orc knights
  4 orc sorcerers (Orc:2)
  A lindwurm (Lair:5)
  21 ugly things
  4 deep elf pyromancers
  An oklob plant (D:5)
  4 manticores
  A will-o-the-wisp (Swamp:1)
  8 cyclopes
  18 elephants
  Maurice (Orc:1)
  An orange demon (Lair:3)
  5 black mambas
  A torpor snail (shapeshifter) (D:15)
  4 gargoyles
  4 torpor snails
  5 cane toads
  Maggie (D:7)
  A yaktaur (shapeshifter) (D:14)
  2 rime drakes
  6 komodo dragons
  2 efreet (D:14)
  A freezing wraith (D:14)
  2 ice devils (D:11)
  4 polar bears
  6 tyrant leeches
  4 trolls
  3 meliai (D:15)
  A hornet (shapeshifter) (D:14)
  6 hornets (Swamp:2)
  4 dream sheep
  30 blink frogs
  6 slime creatures
  Sigmund (D:2)
  5 wraiths
  The ghost of Zvl3 the Gusty, an amateur TeAE (D:4)
  3 spriggans (Swamp:2)
  2 wyverns
  63 yaks
  2 shadows
  A vampire (D:9)
  A basilisk (Lair:2)
  Eustachio (D:5)
  A fire elemental (D:12)
  A warg (Orc:2)
  2 steam dragons
  29 vampire mosquitoes
  9 swamp worms
  4 nagas (Lair:3)
  A death yak simulacrum (IceCv)
  5 hell hounds (D:12)
  Duvessa (D:7)
  7 water moccasins
  A floating eye (shapeshifter) (D:14)
  A swamp drake (Swamp:1)
  27 orc warriors
  2 ice beasts
  3 black bears
  A sky beast (D:7)
  3 ogres
  11 centaurs
  A lemure (D:6)
  6 wolves (Lair:5)
  4 kobold brigands
  A necrophage (D:7)
  12 bullfrogs
  3 gnoll sergeants
  2 scorpions
  A cane toad simulacrum (IceCv)
  6 wights
  Dowan (D:7)
  An elephant simulacrum (IceCv)
  9 killer bees (D:9)
  9 electric eels (D:8)
  9 howler monkeys
  7 hounds
  2 quasits (D:4)
  25 orc priests
  Crazy Yiuf (D:5)
  3 jellies
  4 iguanas
  39 orc wizards
  9 hell rats (Lair:5)
  A polar bear simulacrum (IceCv)
  Robin (D:2)
  11 adders
  12 gnolls
  12 river rats
  A shadow imp (D:8)
  A white imp (D:6)
  3 ufetubi
  A worm (D:3)
  2 dart slugs
  98 orcs
  2 ball pythons
  5 endoplasms
  A giant cockroach (D:3)
  17 goblins
  10 hobgoblins
  3 jackals
  A quokka (D:1)
  3 training dummies (D:13)
  4 bats
  5 frilled lizards
  18 kobolds
  10 rats
804 creatures vanquished.

Vanquished Creatures (others)
  A deep elf pyromancer (D:12)
  A bloated husk (Swamp:1)
  4 humans (D:12)
  An orc wizard (Orc:2)
  2 orcs (Orc:1)
  34 fungi
  80 plants
123 creatures vanquished.

Grand Total: 927 creatures vanquished

Notes
Turn   | Place    | Note
-------+----------+-------------------------------------------
     0 | D:1      | jimonade the Vine Stalker Brigand began the quest for the
                  | Orb.
     0 | D:1      | Reached XP level 1. HP: 11/11 MP: 2/2
    25 | D:1      | Reached skill level 5 in Stealth
   265 | D:1      | Reached skill level 1 in Dodging
   313 | D:1      | Reached XP level 2. HP: 15/15 MP: 3/3
   831 | D:2      | Reached XP level 3. HP: 18/18 MP: 4/4
   881 | D:2      | Noticed Sigmund
   885 | D:2      | Killed Sigmund
   886 | D:2      | Reached skill level 1 in Armour
   886 | D:2      | Reached skill level 6 in Stealth
   886 | D:2      | Gained mutation: Your natural rate of healing is unusually
                  | fast. [Vine Stalker growth]
   886 | D:2      | Reached XP level 4. HP: 23/23 MP: 5/5
   886 | D:2      | Reached XP level 5. HP: 26/26 MP: 6/6
   911 | D:2      | Reached skill level 7 in Stealth
  1158 | D:2      | Noticed Robin
  1360 | D:1      | Reached XP level 6. HP: 30/30 MP: 7/7
  1379 | D:2      | Killed Robin
  2268 | D:3      | Found a glowing drain.
  2277 | Sewer    | Entered a sewer
  3323 | D:4      | Reached XP level 7. HP: 35/35 MP: 8/8
  3463 | D:4      | Found a transporter.
  3469 | D:4      | Noticed Zvl3's ghost (amateur TeAE)
  3483 | D:4      | Found a transporter.
  3878 | D:5      | Entered Level 5 of the Dungeon
  3923 | D:5      | Reached skill level 5 in Short Blades
  3948 | D:5      | Noticed Eustachio
  3964 | D:5      | Killed Eustachio
  3965 | D:5      | Gained mutation: You have razor-sharp teeth. [Vine Stalker
                  | growth]
  3965 | D:5      | Reached XP level 8. HP: 34/40 MP: 6/9
  4131 | D:5      | Found Jiul's Antique Armour Boutique.
  4296 | D:5      | Found a blossoming altar of Fedhas.
  4308 | D:5      | Noticed an oklob plant
  4465 | D:5      | Identified the +0 hammer "Xailaul" {holy, +Blink rElec
                  | rCorr}
  4486 | D:5      | Found a runed translucent door.
  4487 | D:5      | Noticed Crazy Yiuf
  4498 | D:5      | Killed Crazy Yiuf
  4914 | D:6      | Found a broken altar of Ashenzari.
  4967 | D:6      | Found a staircase to the Ecumenical Temple.
  4976 | Temple   | Entered the Ecumenical Temple
  5421 | Temple   | Became a worshipper of Uskayaw the Reveller
  5459 | D:6      | Reached * piety under Uskayaw
  5466 | D:6      | Reached ** piety under Uskayaw
  5491 | D:6      | Noticed Pikel
  5508 | D:6      | Reached *** piety under Uskayaw
  5509 | D:6      | Killed Pikel
  5510 | D:6      | Reached skill level 1 in Shields
  5510 | D:6      | Reached skill level 1 in Invocations
  5510 | D:6      | Reached XP level 9. HP: 42/45 MP: 9/11
  6118 | D:7      | Reached **** piety under Uskayaw
  6120 | D:7      | Reached ***** piety under Uskayaw
  6297 | D:7      | Noticed Duvessa
  6297 | D:7      | Noticed Dowan
  6353 | D:7      | Noticed Maggie
  6372 | D:7      | Killed Maggie
  6999 | D:8      | Reached XP level 10. HP: 36/50 MP: 10/13
  7024 | D:8      | Noticed a two-headed ogre
  7044 | D:8      | Killed a two-headed ogre
  7045 | D:8      | Reached skill level 1 in Evocations
  8506 | D:8      | Reached skill level 5 in Invocations
  8703 | D:8      | Reached skill level 1 in Ranged Weapons
  8703 | D:8      | Reached XP level 11. HP: 49/53 MP: 15/15
  8812 | D:9      | Found a staircase to the Lair.
  9647 | D:10     | Entered Level 10 of the Dungeon
  9853 | D:9      | Reached skill level 5 in Armour
 10290 | D:10     | Reached ****** piety under Uskayaw
 10409 | D:10     | Found a staircase to the Orcish Mines.
 10409 | D:10     | Noticed an orc knight
 10410 | D:10     | Noticed an orc knight
 10534 | Lair:1   | Entered Level 1 of the Lair of Beasts
 10534 | Lair:1   | You fall into a shaft and drop 1 floor!
 10555 | Lair:2   | Noticed a five-headed hydra
 10565 | Lair:2   | Killed a five-headed hydra
 10598 | Lair:2   | Got the Folio of the Phantasmal Dragon
 10612 | Lair:2   | Reached skill level 5 in Dodging
 10632 | Lair:2   | Reached skill level 5 in Fighting
 10739 | Lair:2   | Reached skill level 10 in Short Blades
 10794 | Lair:2   | Reached skill level 5 in Evocations
 10794 | Lair:2   | Reached XP level 12. HP: 31/60 MP: 15/17
 11523 | Lair:3   | Noticed Josephine
 11619 | Lair:3   | Killed Josephine
 11702 | Lair:3   | Found a runed translucent gate.
 11702 | Lair:3   | Found a runed translucent gate.
 11702 | Lair:3   | Found a runed translucent gate.
 11703 | Lair:3   | Noticed browni3141's ghost (journeyman HuEE)
 11772 | Lair:3   | Noticed Amaemon
 11849 | Lair:3   | Found a staircase to the Swamp.
 11974 | Lair:3   | Noticed a four-headed hydra
 11995 | Lair:3   | Killed a four-headed hydra
 11996 | Lair:3   | Reached skill level 5 in Shields
 12299 | Lair:3   | Noticed Snorg
 12310 | Lair:3   | Killed Snorg
 12482 | Lair:3   | Noticed a six-headed hydra
 12505 | Lair:3   | Killed a six-headed hydra
 12711 | Lair:4   | Noticed a death yak
 12711 | Lair:4   | Noticed a death yak
 12833 | Lair:4   | Reached skill level 8 in Stealth
 12883 | Lair:4   | Noticed a seven-headed hydra
 12911 | Lair:4   | Killed a seven-headed hydra
 12912 | Lair:4   | Reached XP level 13. HP: 57/65 MP: 19/19
 13011 | Lair:4   | Found a staircase to the Slime Pits.
 13043 | Lair:4   | Found a viscous altar of Jiyva.
 13782 | Lair:4   | Reached skill level 9 in Stealth
 14257 | Lair:5   | Entered Level 5 of the Lair of Beasts
 14424 | Lair:5   | HP: 2/57 [hell rat (3)]
 14440 | Lair:5   | Reached skill level 10 in Stealth
 15436 | Lair:5   | Reached XP level 14. HP: 47/49 MP: 21/21
 16121 | Lair:5   | Reached skill level 11 in Stealth
 16301 | Lair:5   | Identified the +0 ring mail "Vukeih" {rElec Stlth+}
 16470 | Lair:4   | Reached skill level 5 in Throwing
 16557 | Lair:3   | Found a staircase to the Snake Pit.
 16724 | Lair:3   | Killed Amaemon
 16839 | Lair:3   | Killed browni3141's ghost
 17867 | D:4      | Killed Zvl3's ghost
 18014 | D:7      | Killed Duvessa
 18019 | D:7      | Killed Dowan
 19043 | D:10     | Identified a scroll of acquirement
 19043 | D:10     | Acquired a +1 quick blade of venom
 19704 | D:11     | Found a frozen archway.
 19735 | IceCv    | Entered an ice cave
 19738 | IceCv    | Found a transporter.
 19805 | IceCv    | Found a transporter.
 20149 | D:11     | Found a hazy altar of Hepliaklqana.
 20857 | D:12     | Noticed Nessos
 20872 | D:12     | Killed Nessos
 20965 | D:12     | Reached skill level 10 in Evocations
 21036 | D:12     | Reached XP level 15. HP: 58/65 MP: 22/22
 21117 | D:12     | Noticed Jorgrun
 21341 | D:11     | Killed Jorgrun
 21599 | D:12     | Noticed Kirke
 21740 | D:12     | Killed Kirke
 21869 | D:12     | Noticed Azrael
 22226 | D:12     | Killed Azrael
 22306 | D:12     | Found a hazy altar of Hepliaklqana.
 22579 | Orc:1    | Entered Level 1 of the Orcish Mines
 22713 | Orc:1    | Noticed Erica
 22720 | Orc:1    | Killed Erica
 22733 | Orc:1    | Noticed Maurice
 22751 | Orc:1    | Killed Maurice
 23126 | Orc:2    | Entered Level 2 of the Orcish Mines
 23133 | Orc:2    | Found a staircase to the Elven Halls.
 23788 | Orc:2    | Found Olunum's Jewellery Boutique.
 23788 | Orc:2    | Found Puku's Antique Armour Boutique.
 23803 | Orc:2    | Found Basmu Tuapio's Armour Shop.
 23805 | Orc:2    | Found Koarghyi's Book Shop.
 23842 | Orc:2    | Bought the ring of Lugonu's Regard {rElec rPois Int+6} for
                  | 650 gold pieces
 23864 | Orc:2    | Bought a +2 buckler for 214 gold pieces
 23864 | Orc:2    | Bought a +2 helmet for 214 gold pieces
 23887 | Orc:2    | Bought a +5 ring of evasion for 432 gold pieces
 24504 | D:13     | Found Vaito's Firing Range.
 24880 | D:13     | Identified the +5 rapier of Tartarus {antimagic, rElec
                  | rN+++ Will- SInv}
 25132 | D:13     | Found a runed translucent gate.
 25132 | D:13     | Found an opulent altar of Gozag.
 25133 | D:13     | Found a runed translucent gate.
 25133 | D:13     | Found a runed translucent gate.
 25257 | D:13     | Noticed a frost giant
 25258 | D:13     | Noticed Mingoeph's ghost (journeyman MfHu)
 25315 | D:14     | Identified the +0 demon trident "Woad" {pain, Dex+3}
 25680 | D:14     | Found a gate to the Vaults.
 25830 | D:14     | Reached skill level 12 in Stealth
 25830 | D:14     | Reached XP level 16. HP: 50/81 MP: 20/23
 26443 | D:15     | Entered Level 15 of the Dungeon
 26554 | D:15     | Found a glowing golden altar of the Shining One.
 26554 | D:15     | Found a glowing silver altar of Zin.
 26554 | D:15     | Found a white marble altar of Elyvilon.
 26642 | D:15     | Found a staircase to the Depths.
 26897 | D:15     | Reached skill level 13 in Stealth
 27478 | Swamp:1  | Entered Level 1 of the Swamp
 28343 | Swamp:2  | Noticed a thorn hunter
 28371 | Swamp:2  | Killed a thorn hunter
 28379 | Swamp:2  | Found a runed translucent gate.
 28379 | Swamp:2  | Found a runed translucent gate.
 28379 | Swamp:2  | Found a runed translucent gate.
 28380 | Swamp:2  | Noticed a thorn hunter
 28380 | Swamp:2  | Noticed a thorn hunter
 28381 | Swamp:2  | Noticed a thorn hunter
 28516 | Swamp:2  | Reached skill level 14 in Stealth
 28785 | Swamp:2  | Noticed a thorn hunter
 28788 | Swamp:2  | Noticed Ozxa's ghost (adept DjCA)
 29113 | Swamp:3  | Killed from afar by a swamp worm

Illustrated notes

Levels and vault maps discovered:
D:1:      minmay_arrival_plants_in_alcoves, layout_basic, hex_medium,
          minmay_misc_feat_hallway
D:2:      layout_basic, uniq_sigmund, uniq_robin
D:3:      layout_loops_cross, cheibrodos_sewer_entry_drain
D:4:      layout_loops_ring, gammafunk_ghost_stat_death
D:5:      layout_rooms, tgw_fedhas, nrook_pool_corridor, corexii_shack,
          nicolae_stop_n_shop_2, uniq_eustachio, uniq_crazy_yiuf_cottage
D:6:      layout_rooms, nicolae_ashenzari_skybound, minmay_temple_entry_ruins,
          uniq_pikel
D:7:      layout_loops_ring, uniq_duvessa, uniq_maggie
D:8:      layout_basic, serial_bayou, serial_bayou_pond_d, serial_bayou_pond_a,
          serial_bayou_pond_b, serial_bayou_lake_a, serial_bayou_pond_b,
          serial_bayou_pond_e, hangedman_decor_push
D:9:      layout_loops_cross, lair_entry_dummy, hangedman_corner_corridor
D:10:     layout_big_octagon, david_orc_5, enter_bailey_3, kennysheep_nub,
          grunt_ministairs_15
D:11:     wad_woods_stonehenge, layout_basic, portal_ice_cave_demonic_guard
D:12:     layout_irregular_city, nicolae_concentric_dashed_squares_wild,
          nicolae_hepliaklqana_hippocampus, uniq_azrael, uniq_jorgrun,
          uniq_nessos, uniq_kirke
D:13:     layout_small_grid, ebering_ghost_gozag, small_chamber_with_monster,
          nicolae_shop_firing_range
D:14:     layout_irregular_city, skrybe_vaults_entry_preservation,
          nrook_mini_vaults
D:15:     gammafunk_enter_depths_forms, layout_basic, good_gods_mini_temple,
          chequers_serial_rivers_small_a
Temple:   mainiacjoe_temple_big_plus
Lair:1:   layout_cave_shapes, grunt_megastairs_3
Lair:2:   layout_misc_corridors
Lair:3:   layout_chaotic_city, swamp_mist, minmay_snake_entry_guardpost_medium,
          ebering_ghost_rock_garden, serial_bayou_lagoon_a, uniq_josephine,
          uniq_amaemon, uniq_snorg
Lair:4:   layout_regular_city, minmay_slime_entry_pillars,
          chequers_serial_rivers_small_a, beast_lair_carwin_5
Lair:5:   grunt_lair_end_beastmaster, layout_regular_city, kennysheep_rathole
Swamp:1:  layout_basic_swamp, nicolae_swamp_fairy_circle
Swamp:2:  layout_basic_swamp, gammafunk_ghost_split, hangedman_swamp_ruin_wall,
          swamp_pool3
Swamp:3:  layout_falls_marsh, evilmike_swamp_ruin_house_1
Orc:1:    layout_caves, uniq_maurice, uniq_erica
Orc:2:    st_orc_mages, layout_diamond_mine

Skill      XL: |  1  2  3  4  5  6  7  8  9 10 11 12 13 14 15 16 |
---------------+-------------------------------------------------+-----
Stealth        | 5 6 7 8 10 11 12 14 | 14.4
Dodging        | 1 2 3 4 5 6 7 8 |  8.5
Fighting       | 2 3 4 5 7 8 |  8.7
Short Blades   | 2 3 4 5 7 8 9 10 | 10.1
Throwing       | 2 3 4 5 |  5.1
Armour         | 1 2 3 4 5 6 7 8 |  8.1
Shields        | 1 2 3 4 5 6 7 |  7.9
Invocations    | 1 3 5 6 7 8 9 |  9.5
Evocations     | 3 5 6 7 10 13 | 13.5
Ranged Weapons | 1 2 |  2.5

Action                     |  1- 3 |  4- 6 |  7- 9 | 10-12 | 13-15 | 16-18 || total
---------------------------+-------+-------+-------+-------+-------+-------++-------
  Melee: Dagger            |    52 |   190 |   319 |   822 |  1085 |       ||  2468
         Bite              |     7 |    52 |   124 |   330 |  1054 |   217 ||  1784
         Punch             |     1 |     3 |     2 |       |       |       ||     6
         Quick blade       |       |       |       |       |  1144 |   468 ||  1612
   Fire: Sling             |       |       |       |     9 |     1 |       ||    10
  Throw: Dart              |       |     8 |    12 |    45 |    47 |     3 ||   115
 Invoke: Stomp             |       |       |       |       |     1 |       ||     1
Ability: Evoke Invisibilit |       |       |       |       |    15 |     4 ||    19
  Evoke: Condenser vane    |       |       |       |       |     1 |       ||     1
    Use: Scroll            |       |     2 |    13 |     7 |    11 |     6 ||    39
         Potion            |       |       |       |       |     3 |       ||     3
   Stab: Sleeping          |     2 |     5 |     7 |     5 |    33 |    14 ||    66
         Paralysed         |       |       |     4 |    50 |    69 |    25 ||   148
         Distracted        |       |       |     1 |       |     4 |     1 ||     6
         Invisible         |       |       |       |       |    46 |    16 ||    62
 Armour: Robe              |     7 |       |       |       |     1 |       ||     8
         Ring mail         |     7 |    79 |    39 |       |    22 |       ||   147
         Leather armour    |       |       |    58 |       |       |       ||    58
         Swamp dragon scal |       |       |     5 |   284 |   450 |    34 ||   773
  Dodge: Dodged            |    23 |    93 |   132 |   352 |   762 |   176 ||  1538
  Block: Buckler           |       |       |    41 |   149 |   413 |    95 ||   698

Table legend: (Time is in decaauts)
 A = Elapsed time spent in this place.
 B = Non-inter-level travel time spent in this place.
 C = Inter-level travel time spent in this place.
 D = Time resting spent in this place.
 E = Time spent auto-exploring this place.
 F = Levels seen in this place.
 G = Mean time per level.
                   A        B        C        D        E       F      G
               +--------+--------+--------+--------+--------+-----+--------+
         Total |  27413 |  25370 |   2043 |   2338 |  13509 |  28 |  979.0 |
       Dungeon |  16305 |  14807 |   1498 |   1528 |   8291 |  15 | 1087.0 |
        Temple |    475 |    392 |     83 |      0 |    386 |   1 |  475.0 |
          Lair |   6701 |   6388 |    313 |    629 |   2603 |   5 | 1340.2 |
         Swamp |   1516 |   1475 |     41 |    163 |    826 |   3 |  505.3 |
  Orcish Mines |   1544 |   1437 |    107 |      0 |    864 |   2 |  772.0 |
         Sewer |    765 |    765 |      0 |      3 |    537 |   1 |  765.0 |
      Ice Cave |    103 |    103 |      0 |     15 |      0 |   1 |  103.0 |
               +--------+--------+--------+--------+--------+-----+--------+

Top non-repeatable levels by time:
     D:8: 2033 daAuts
     D:9: 1917 daAuts
  Lair:5: 1872 daAuts
  Lair:4: 1584 daAuts
  Lair:3: 1349 daAuts
    D:12: 1331 daAuts
    D:11: 1182 daAuts
     D:7: 1155 daAuts
    D:10: 1145 daAuts
  Lair:2: 1126 daAuts
     D:1: 1035 daAuts
   Orc:2: 1032 daAuts
    D:14: 999 daAuts
     D:2: 927 daAuts
     D:4: 852 daAuts
